 Dungeon Crawl Stone Soup version 0.24.1-8-ga250c9d538 (webtiles) character file.

Game seed: 15230076869931583150, levelgen mode: deterministic

77333 Lemonice the Destroyer (level 15, -9/130 HPs)
             Began as a Purple Draconian Fire Elementalist on Apr 30, 2020.
             Was a High Priest of Vehumet.
             Mangled by a skeletal warrior
             ... wielding a +0 war axe of chopping
             ... led by a death knight
              (20 damage)
             ... on level 11 of the Dungeon.
             The game lasted 02:26:28 (30885 turns).

Lemonice the Destroyer (DrFE)                      Turns: 30885, Time: 02:26:29

Health: -9/130     AC: 15    Str: 16    XL:     15   Next: 15%
Magic:  23/29      EV: 18    Int: 22    God:    Vehumet [*****.]
Gold:   2896       SH:  7    Dex: 15    Spells: 4/34 levels left

rFire    + . .     SeeInvis +   T - +9 demon trident
rCold    x . .     Gourm    .   W - +2 buckler
rNeg     . . .     Faith    .   (armour unavailable)
rPois    +         Spirit   .   (helmet restricted)
rElec    +         Reflect  .   d - +2 cloak
rCorr    .         Harm     .   (no gloves)
MR       ++...                  K - +2 pair of boots
Stlth    ++........             (no amulet)
HPRegen  0.31/turn              r - ring "Ucwijes" {rElec Int+4 SInv}
MPRegen  0.21/turn              A - ring of Dim Light {Fire rPois Str+2 Dex+3 SInv}

@: no status effects
A: breathe power, unfitting armour, cold-blooded, AC +9
a: Breathe Dispelling Energy, Renounce Religion


You were on level 11 of the Dungeon.
You worshipped Vehumet.
Vehumet was extremely pleased with you.
You were not hungry.

You visited 4 branches of the dungeon, and saw 21 of its levels.
You also visited: Sewer, Gauntlet and Ice Cave.

You collected 3935 gold pieces.
You spent 1039 gold pieces at shops.

Inventory:

Hand Weapons
 T - a +9 demon trident (weapon)
Missiles
 P - 7 curare-tipped darts (quivered)
Armour
 d - a +2 cloak (worn)
 K - a +2 pair of boots (worn)
 W - a +2 buckler (worn)
Magical Staves
 I - an uncursed staff of fire
Jewellery
 r - the ring "Ucwijes" (left hand) {rElec Int+4 SInv}
   (You bought it in a shop on level 2 of the Orcish Mines)

   [ring of see invisible]

   It affects your intelligence (+4).
   It insulates you from electricity.
   It lets you see invisible.
 s - an uncursed ring of positive energy
 A - the ring of Dim Light (right hand) {Fire rPois Str+2 Dex+3 SInv}
   (You found it in an ice cave)

   [ring of fire]

   It enhances your fire magic.
   It affects your strength (+2).
   It affects your dexterity (+3).
   It protects you from fire.
   It makes you vulnerable to cold.
   It protects you from poison.
   It lets you see invisible.
 C - an uncursed ring of protection from fire
 N - an uncursed ring of flight
 Y - the ring "Siroem" {Ice rElec Str+4}
   (You found it in an ice cave)

   [ring of ice]

   It enhances your ice magic.
   It affects your strength (+4).
   It makes you vulnerable to fire.
   It protects you from cold.
   It insulates you from electricity.
Wands
 g - a wand of scattershot (7)
 k - a wand of paralysis (15)
 l - a wand of digging (5)
 x - a wand of polymorph (17)
 D - a wand of iceblast (8)
 F - a wand of flame (63)
 M - a wand of acid (2)
 R - a wand of disintegration (17)
 V - a wand of enslavement (7)
Scrolls
 e - 7 scrolls of remove curse
 f - a scroll of teleportation
 m - 6 scrolls of fear
 o - 3 scrolls of holy word
 q - 2 scrolls of magic mapping
 u - 6 scrolls of amnesia
 v - a scroll of enchant armour
 y - 3 scrolls of fog
 E - 4 scrolls of immolation
 G - 3 scrolls of summoning
 H - a scroll of acquirement {unknown}
 J - a scroll of torment {unknown}
 L - 2 scrolls of blinking {unknown}
 X - a scroll of vulnerability {unknown}
Potions
 a - a potion of might
 c - 4 potions of haste
 h - 2 potions of brilliance
 i - 2 potions of heal wounds
 j - 4 potions of flight
 n - 13 potions of curing
 p - a potion of berserk rage
 t - 4 potions of mutation
 w - 3 potions of lignification
 B - a potion of invisibility
 O - 2 potions of cancellation
 S - 4 potions of agility
Miscellaneous
 z - a phantom mirror
 Q - a box of beasts
 U - a crystal ball of energy
Comestibles
 b - 28 rations


   Skills:
 + Level 11.6 Fighting
 * Level 8.9 Polearms
 - Level 9.0 Dodging
 - Level 2.0 Stealth
 - Level 4.0 Shields
 - Level 10.0 Spellcasting
 * Level 13.2 Conjurations
 - Level 3.0 Hexes
 - Level 3.0 Charms
 + Level 13.0 Fire Magic
 - Level 5.0 Evocations


You had 4 spell levels left.
You knew the following spells:

 Your Spells              Type           Power        Failure   Level  Hunger
a - Flame Tongue          Conj/Fire      #####        1%          1    None
b - Sticky Flame          Conj/Fire      #######.     1%          4    ##.....
c - Conjure Flame         Conj/Fire      #######.     1%          3    None
d - Orb of Destruction    Conj           ######....   6%          7    #######
e - Fireball              Conj/Fire      #######...   1%          5    ####...
f - Fulminant Prism       Conj/Hex       #####.....   1%          4    ##.....
g - Force Lance           Conj/Tloc      #####...     1%          4    ##.....
h - Swiftness             Chrm/Air       ###.....     4%          2    None

Your spell library contained the following spells:

 Spells                   Type           Power        Failure   Level  Hunger
 Conjure Ball Lightning   Conj/Air       #####.....   16%         6    ######.
 Corona                   Hex            ###....      1%          1    None
 Sandblast                Erth           ##....       1%          1    None
 Shock                    Conj/Air       ####         1%          1    None
 Throw Flame              Conj/Fire      ######       1%          2    None
 Dazzling Spray           Conj/Hex       #####.       1%          3    None
 Inner Flame              Hex/Fire       ######..     1%          3    None
 Static Discharge         Conj/Air       #####...     1%          3    None
 Stone Arrow              Conj/Erth      #####.       1%          3    None
 Ensorcelled Hibernation  Hex/Ice        ###...       4%          2    None
 Confuse                  Hex            ###.....     5%          3    None
 Tukima's Dance           Hex            ###.....     5%          3    None
 Apportation              Tloc           ##....       6%          1    None
 Summon Butterflies       Summ           ##......     6%          1    None
 Summon Small Mammal      Summ           ##..         6%          1    None
 Call Imp                 Summ           ##......     9%          2    None
 Passwall                 Tmut/Erth      ##......     9%          2    None
 Summon Guardian Golem    Hex/Summ       ###.....     10%         3    None
 Airstrike                Air            ##........   16%         4    ##.....
 Call Canine Familiar     Summ           ##......     19%         3    None
 Lesser Beckoning         Tloc           ##........   19%         3    None
 Petrify                  Tmut/Erth      ##......     52%         4    ##.....
 Summon Ice Beast         Ice/Summ       ##......     52%         4    ##.....
 Summon Lightning Spire   Summ/Air       ##......     52%         4    ##.....
 Bolt of Magma            Conj/Fire/Erth ######....   1%          5    ####...
 Iskenderun's Battlesphe  Conj/Chrm      #####...     1%          5    ####...
 Lightning Bolt           Conj/Air       #####.....   3%          5    ####...
 Venom Bolt               Conj/Pois      #####.....   3%          5    ####...
 Iron Shot                Conj/Erth      #####.....   16%         6    ######.
 Lee's Rapid Deconstruct  Erth           ##........   38%         5    ####...
 Spellforged Servitor     Conj/Summ      #####.....   61%         7    #######
 Alistair's Intoxication  Tmut/Pois      ##......     86%         5    ####...
 Invisibility             Hex            ###.....     95%         6    ######.


Dungeon Overview and Level Annotations

Branches:
Dungeon (12/15)            Temple (1/1) D:7            Lair (6/6) D:11
  Swamp (0/4) Lair:3        Snake (0/4) Lair:4        Slime (0/5) Lair:5
    Orc (2/2) D:9             Elf (0/3) Orc:2         Sewer (visited)
  IceCv (visited)         Gauntlet (visited)

Altars:
Ashenzari
Cheibriados
Dithmenos
Elyvilon
Fedhas
Gozag
Hepliaklqana
Kikubaaqudgha
Makhleb
Nemelex Xobeh
Okawaru
Qazlal
Ru
Sif Muna
Trog
Uskayaw
Vehumet
Wu Jian
Xom
Yredelemnul
Zin
The Shining One

Shops:
D:4 !?=[*   D:5 =   D:9 [(   Orc:2 %(=?


Innate Abilities, Weirdness & Mutations

You can breathe bolts of dispelling energy.
Your rich purple scales are hard. (AC +9)
You cannot fit into any form of body armour.
You are cold-blooded and may be slowed by cold attacks.


Message History

The freezing wraith closely misses you. You block the hippogriff's attack.
The hippogriff misses you.
The hippogriff claws you but does no damage.
You block the skeletal warrior's attack.
The freezing wraith barely misses you. You block the freezing wraith's attack.
The skeletal warrior barely misses you. The freezing wraith closely misses you.
You block the freezing wraith's attack. The hippogriff misses you.
The hippogriff pecks you.
The hippogriff claws you but does no damage.
Things that are here:
a +0 mace; a cursed -2 plate armour; an orc corpse You feel yourself speed up.
The skeletal warrior hits you with a +0 war axe of chopping!!
* * * LOW HITPOINT WARNING * * *
x2 You feel much better.
The freezing wraith hits you! The freezing wraith freezes you!!
You feel a terrible chill!
* * * LOW HITPOINT WARNING * * *
The freezing wraith misses you.
The skeletal warrior hits you with a +0 war axe of chopping!!
You die...

.)..............##.#######.#
.......#.###.#.###.#.......#
.......#.# #...# #.#.####..#
.......#.# ##..# #.#.# #..#
.........# #..# #.#.# #..#
....≈..### #..# #.#.# #..#
.......# #..# #.#.# #..#
.......# ####.###.#.####[.#
.......# #...HW@..#.......#
.......# #.###z#########.##
.......# #.# #...........#
###...## #.###############
.##...# #.....#
.##############.#
.P#####.........#
.......<..)..[..#
...#######......#


You could see a skeletal warrior, a freezing wraith and a hippogriff.

Vanquished Creatures
  Kirke (Lair:4)
  Nessos (Orc:2)
  A minotaur (Gauntlet)
  A fire dragon (Lair:6)
  6 hydras
  Erolcha (Orc:2)
  2 ice dragons (IceCv)
  2 two-headed ogres
  An anaconda (Lair:6)
  Erica (D:11)
  Urug (Lair:1)
  4 death yaks
  3 orc high priests (Orc:2)
  A tengu warrior (Gauntlet)
  A sixfirhy (Gauntlet)
  A death drake (Gauntlet)
  An unseen horror (D:10)
  A lindwurm (Lair:6)
  A wolf spider (Lair:6)
  4 orc sorcerers (Orc:2)
  5 orc knights (Orc:2)
  6 black mambas
  20 elephants
  A spectral centaur (Gauntlet)
  5 torpor snails (Lair:6)
  A gargoyle (D:11)
  2 ice statues (IceCv)
  2 rime drakes (IceCv)
  10 spiny frogs
  8 komodo dragons
  2 freezing wraiths (D:12)
  A tengu conjurer (Gauntlet)
  9 polar bears (Lair:6)
  8 hornets
  A harpy zombie (Gauntlet)
  3 trolls
  5 tyrant leeches
  19 blink frogs
  A meliai zombie (D:10)
  2 slime creatures (Lair:5)
  3 hippogriffs
  4 raiju (Lair:6)
  A spriggan (Lair:4)
  Sigmund (D:2)
  A wyvern (D:11)
  2 hogs (Lair:4)
  Eustachio (D:4)
  21 yaks
  A human (Lair:4)
  2 basilisks (Lair:2)
  3 swamp worms (Lair:3)
  Menkaure (D:4)
  6 wargs
  21 water moccasins
  13 hell hounds (Lair:6)
  2 soldier ants
  18 orc warriors
  7 porcupines
  15 black bears
  3 sky beasts
  29 ice beasts
  3 phantoms
  A necrophage (D:11)
  4 ogres
  2 eyes of draining
  13 wolves (Lair:6)
  6 crocodiles
  10 centaurs
  A big kobold (D:9)
  4 orc simulacra (Orc:1)
  17 bullfrogs
  A wyvern zombie (D:6)
  A two-headed ogre simulacrum (Orc:1)
  A scorpion (D:7)
  5 killer bees
  5 wights (D:11)
  7 electric eels
  3 howler monkeys
  5 crimson imps
  2 bullfrog zombies (D:11)
  4 centaur zombies
  A quasit (D:7)
  4 jellies
  2 bullfrog skeletons
  5 hounds
  16 orc priests
  Ijyb (D:4)
  5 iguanas
  21 orc wizards
  A spectral gnoll (Orc:1)
  2 spectral orcs (Orc:1)
  7 worker ants
  12 hell rats
  A hound skeleton (D:7)
  4 gnolls (D:10)
  2 howler monkey skeletons
  16 adders
  12 river rats
  5 shadow imps
  3 ufetubi (Gauntlet)
  3 oozes
  An adder skeleton (D:4)
  9 worms
  10 leopard geckos
  60 orcs
  2 giant cockroaches
  6 goblins
  3 hobgoblins
  6 jackals
  12 quokkas
  8 ball pythons
  11 bats
  4 frilled lizards
  A jackal zombie (D:7)
  28 kobolds
  A leopard gecko skeleton (D:8)
  47 rats
  A fulminant prism (Lair:4)
  2 fungi
  3 plants (Lair:6)
734 creatures vanquished.

Vanquished Creatures (collateral kills)
  The ghost of Atelerd the Destroyer, a journeyman TeWz of Sif Muna (Orc:1)
1 creature vanquished.

Vanquished Creatures (others)
  2 humans (Lair:4)
  61 fulminant prisms
  11 fungi
  23 plants
97 creatures vanquished.

Grand Total: 832 creatures vanquished

Notes
Turn   | Place    | Note
-------+----------+-------------------------------------------
     0 | D:1      | Lemonice the Draconian Fire Elementalist began the quest
                  | for the Orb.
     0 | D:1      | Reached XP level 1. HP: 14/14 MP: 3/3
   821 | D:2      | Noticed Sigmund
   830 | D:2      | Reached XP level 2. HP: 22/22 MP: 3/5
   994 | D:2      | Noticed a phantom
  1251 | D:2      | Reached skill level 1 in Fighting
  1251 | D:2      | Reached XP level 3. HP: 12/28 MP: 0/6
  1728 | D:3      | Reached XP level 4. HP: 41/41 MP: 7/10
  1875 | D:3      | Learned a level 4 spell: Sticky Flame
  1973 | D:3      | Reached XP level 5. HP: 45/47 MP: 6/11
  2144 | D:3      | Found a glowing drain.
  2160 | Sewer    | Entered a sewer
  3065 | D:3      | Reached XP level 6. HP: 53/53 MP: 7/12
  3751 | D:2      | Learned a level 3 spell: Conjure Flame
  3864 | D:2      | Reached skill level 5 in Conjurations
  4136 | D:2      | Killed Sigmund
  4136 | D:2      | Your scales start taking on a rich purple colour.
  4136 | D:2      | Reached skill level 5 in Spellcasting
  4136 | D:2      | Reached XP level 7. HP: 60/60 MP: 4/15
  4160 | D:2      | Learned a level 3 spell: Inner Flame
  4191 | D:4      | Noticed Eustachio
  4197 | D:4      | Killed Eustachio
  4197 | D:4      | Reached skill level 5 in Fighting
  4366 | D:4      | Found Doshroef's Distillery.
  4384 | D:4      | Found a bloodstained altar of Trog.
  4523 | D:4      | Found Ysonaupn's Magic Scroll Shoppe.
  4526 | D:4      | Found Nijodeng's Antique Armour Boutique.
  4565 | D:4      | Reached skill level 1 in Hexes
  4815 | D:4      | Found Zuaxt's General Store.
  4839 | D:4      | Bought a scroll of random uselessness for 12 gold pieces
  4857 | D:4      | Found Qiatreffuv's Jewellery Emporium.
  4968 | D:4      | Noticed Ijyb
  4985 | D:4      | Killed Ijyb
  5042 | D:4      | Noticed Menkaure
  5047 | D:4      | Killed Menkaure
  5197 | D:4      | Found a radiant altar of Vehumet.
  5205 | D:4      | Became a worshipper of Vehumet
  5212 | D:4      | Found an opulent altar of Gozag.
  5344 | D:4      | Bought a scroll of identify for 22 gold pieces
  5344 | D:4      | Bought a scroll of immolation for 38 gold pieces
  5344 | D:4      | Bought a scroll of identify for 22 gold pieces
  5344 | D:4      | Bought a scroll of fear for 38 gold pieces
  5344 | D:4      | Bought a scroll of remove curse for 33 gold pieces
  5344 | D:4      | Bought a scroll of identify for 22 gold pieces
  5359 | D:5      | Entered Level 5 of the Dungeon
  5362 | D:5      | Reached XP level 8. HP: 68/68 MP: 14/16
  5500 | D:5      | Found an ornate altar of the Wu Jian Council.
  5566 | D:5      | Reached skill level 5 in Dodging
  5575 | D:5      | Found an iron altar of Okawaru.
  5770 | D:5      | Found Siaven's Jewellery Emporium.
  6366 | D:6      | Found a sacrificial altar of Ru.
  6442 | D:6      | Learned a level 5 spell: Fireball
  6974 | D:6      | Reached * piety under Vehumet
  6974 | D:6      | Offered knowledge of Sandblast by Vehumet.
  7133 | D:6      | Found a glowing silver altar of Zin.
  7261 | D:6      | Reached XP level 9. HP: 75/75 MP: 12/18
  8087 | D:7      | Found a burning altar of Makhleb.
  8303 | D:7      | Reached ** piety under Vehumet
  8303 | D:7      | Offered knowledge of Throw Frost by Vehumet.
  8473 | D:7      | Learned a level 2 spell: Throw Frost
  8677 | D:7      | Found a staircase to the Ecumenical Temple.
  8690 | Temple   | Entered the Ecumenical Temple
  9064 | D:7      | Offered knowledge of Stone Arrow by Vehumet.
  9277 | D:7      | Paralysed by a crimson imp for 7 turns
  9615 | D:7      | Reached *** piety under Vehumet
  9840 | D:8      | Reached XP level 10. HP: 84/84 MP: 12/20
 10554 | D:8      | Paralysed by a hornet for 2 turns
 11125 | D:9      | Offered knowledge of Force Lance by Vehumet.
 11167 | D:9      | Learned a level 4 spell: Force Lance
 11284 | D:9      | Found Uxkia's Armour Emporium.
 11295 | D:9      | Found a staircase to the Orcish Mines.
 11295 | D:9      | Found Obyqaovi's Weapon Emporium.
 11369 | D:9      | Reached skill level 10 in Fire Magic
 11618 | D:9      | Found a shadowy altar of Dithmenos.
 12228 | D:10     | Entered Level 10 of the Dungeon
 12614 | D:10     | Reached **** piety under Vehumet
 12646 | D:10     | Learned a level 2 spell: Swiftness
 12786 | D:10     | Reached skill level 1 in Charms
 12859 | D:10     | Noticed an unseen horror
 12865 | D:10     | Killed an unseen horror
 13294 | D:10     | Offered knowledge of Throw Icicle by Vehumet.
 13306 | D:10     | Reached XP level 11. HP: 88/92 MP: 14/23
 14359 | D:11     | Reached ***** piety under Vehumet
 14605 | D:11     | Offered knowledge of Orb of Destruction by Vehumet.
 14622 | D:11     | Learned a level 7 spell: Orb of Destruction
 14664 | D:11     | Noticed Erica
 15524 | D:11     | Noticed a two-headed ogre
 15539 | D:11     | Killed a two-headed ogre
 15964 | D:11     | Found a staircase to the Lair.
 16032 | D:11     | Killed Erica
 16070 | Orc:1    | Entered Level 1 of the Orcish Mines
 16111 | Orc:1    | Noticed a two-headed ogre
 16140 | D:9      | Killed a two-headed ogre
 16622 | Orc:1    | Found a runed translucent gate.
 16622 | Orc:1    | Found a runed translucent gate.
 16622 | Orc:1    | Found a runed translucent gate.
 16624 | Orc:1    | Noticed Atelerd's ghost (journeyman TeWz)
 16823 | Orc:2    | Entered Level 2 of the Orcish Mines
 16823 | Orc:2    | Found a staircase to the Elven Halls.
 16826 | Orc:2    | Noticed Nessos
 16988 | Orc:2    | Killed Nessos
 17425 | Orc:2    | Noticed an orc knight
 17440 | Orc:2    | Killed an orc knight
 17509 | Orc:2    | Noticed Erolcha
 17627 | Orc:2    | Noticed an orc sorcerer
 17631 | Orc:2    | Paralysed by an orc sorcerer for 7 turns
 17634 | Orc:2    | Killed an orc sorcerer
 17634 | Orc:2    | Reached XP level 12. HP: 77/103 MP: 19/25
 17742 | Orc:2    | Noticed an orc high priest
 17751 | Orc:2    | Killed an orc high priest
 17963 | Orc:2    | Noticed an orc high priest
 17973 | Orc:2    | Killed an orc high priest
 17990 | Orc:2    | Noticed an orc high priest
 18180 | Orc:2    | Found Qudit's Food Boutique.
 18180 | Orc:2    | Found Zogijunn's Magic Scroll Emporium.
 18183 | Orc:2    | Found Qohemad's Antique Weapon Boutique.
 18183 | Orc:2    | Found Wuzeb's Jewellery Emporium.
 18187 | Orc:2    | Killed an orc high priest
 18196 | Orc:2    | Bought the ring "Ucwijes" {rElec Int+4 SInv} for 598 gold
                  | pieces
 18210 | Orc:2    | Bought a scroll of identify for 30 gold pieces
 18210 | Orc:2    | Bought a scroll of identify for 30 gold pieces
 18210 | Orc:2    | Bought a scroll of magic mapping for 52 gold pieces
 18210 | Orc:2    | Bought a scroll of enchant weapon for 112 gold pieces
 18210 | Orc:2    | Bought a scroll of identify for 30 gold pieces
 18246 | Orc:2    | Killed Erolcha
 18341 | Orc:2    | Reached skill level 10 in Conjurations
 18966 | Orc:1    | Offered knowledge of Fulminant Prism by Vehumet.
 19590 | Orc:1    | Killed Atelerd's ghost
 19781 | Lair:1   | Entered Level 1 of the Lair of Beasts
 19781 | Lair:1   | Noticed Urug
 19784 | Lair:1   | Noticed a five-headed hydra
 19785 | Lair:1   | Killed Urug
 19788 | Lair:1   | Killed a five-headed hydra
 20097 | Lair:1   | Reached skill level 10 in Spellcasting
 20154 | Lair:1   | Reached skill level 1 in Polearms
 20816 | Lair:1   | Reached skill level 1 in Evocations
 20892 | Lair:2   | Learned a level 4 spell: Fulminant Prism
 20896 | Lair:2   | Reached XP level 13. HP: 104/112 MP: 27/27
 21211 | Lair:2   | Found a white marble altar of Elyvilon.
 22159 | Lair:3   | Found a frozen archway.
 22172 | IceCv    | Entered an ice cave
 22700 | IceCv    | Reached skill level 10 in Fighting
 22955 | IceCv    | Got a scintillating amber ring
 22973 | IceCv    | Got a scorched brass ring
 22979 | IceCv    | Identified the ring of Dim Light {Fire rPois Str+2 Dex+3
                  | SInv} (You found it in an ice cave)
 22981 | IceCv    | Identified the ring "Siroem" {Ice rElec Str+4} (You found
                  | it in an ice cave)
 23299 | Lair:3   | Offered knowledge of Venom Bolt by Vehumet.
 23475 | Lair:3   | Found a staircase to the Swamp.
 24471 | Lair:4   | Reached skill level 5 in Polearms
 24471 | Lair:4   | Reached skill level 5 in Evocations
 24542 | Lair:4   | Found a gate leading to a gauntlet.
 24550 | Lair:4   | Noticed Kirke
 24560 | Lair:4   | Killed Kirke
 24580 | Gauntlet | Entered a Gauntlet
 24580 | Gauntlet | Found a transporter.
 24587 | Gauntlet | Found a transporter.
 24589 | Gauntlet | Found a transporter.
 24613 | Gauntlet | Found a transporter.
 24617 | Gauntlet | Found a runed translucent door.
 24619 | Gauntlet | Found a runed translucent door.
 24621 | Gauntlet | Found a transporter.
 24623 | Gauntlet | Found a transporter.
 24628 | Gauntlet | Noticed a reaper
 24633 | Gauntlet | Found a transporter.
 24649 | Gauntlet | Found a transporter.
 24659 | Gauntlet | Found a transporter.
 24668 | Gauntlet | Found a transporter.
 24672 | Gauntlet | Found a runed translucent door.
 24686 | Gauntlet | Found a transporter.
 24692 | Gauntlet | Found a transporter.
 24729 | Gauntlet | Reached skill level 1 in Shields
 24874 | Gauntlet | Found a transporter.
 24930 | Gauntlet | Reached XP level 14. HP: 80/121 MP: 5/28
 26058 | Lair:4   | Found a staircase to the Snake Pit.
 26184 | Lair:4   | Found an ancient bone altar of Kikubaaqudgha.
 26681 | Lair:5   | Found a staircase to the Slime Pits.
 27388 | Lair:6   | Entered Level 6 of the Lair of Beasts
 27871 | Lair:6   | Found a stormy altar of Qazlal.
 28519 | Lair:6   | Offered knowledge of Conjure Ball Lightning by Vehumet.
 28922 | Lair:6   | Found a runed translucent door.
 29499 | Lair:6   | Reached XP level 15. HP: 111/130 MP: 23/29
 29533 | Lair:6   | Got a slimy marble ring
 29536 | Lair:6   | Identified the ring "Heah" {rElec MP+9 Str-5 Int+6 Stlth+}
                  | (You found it on level 6 of the Lair of Beasts)
 30885 | D:11     | Mangled by a skeletal warrior

Levels and vault maps discovered:
D:1:      dpeg_arrival_tiny_d, layout_loops_ring
D:2:      layout_basic, minmay_misc_feat_room, uniq_sigmund
D:3:      layout_loops_corners, lightli_sewer_entry_pipes
D:4:      layout_loops_cross, bloody_trog, amethyst_overflow_temple_binary,
          serial_shops, shop_coins, nicolae_shop_statue_plus, shop, shop, shop,
          uniq_eustachio, uniq_menkaure, uniq_ijyb
D:5:      layout_basic, lemuel_crystal_altar, okawaru_gym_becter, first_ration,
          serial_shops, nicolae_shop_competitors_out_of_business
D:6:      layout_loops_corners, kennysheep_mini, nicolae_ru_path_of_blood
D:7:      lemuel_ratsnest, layout_basic, lemuel_doored_altar,
          minmay_temple_entry_waves, minmay_starry_boxes
D:8:      layout_basic, hangedman_pestilent_swarm
D:9:      layout_basic, orc_david_3, grunt_dithmenos_shadows
D:10:     layout_basic
D:11:     layout_basic, grunt_lair_entry_orc_guard_hut,
          ebering_dispersal_statue_hall, uniq_erica
D:12:     kennysheep_kobold_lugonu_temple, layout_rooms,
          gammafunk_ghost_wrathful_warriors
Temple:   minmay_temple_curvy_branch
Lair:1:   layout_misc_corridors, uniq_urug
Lair:2:   layout_cave_pods, basic_altar, serial_bayou, serial_bayou_lake_a,
          serial_bayou_ford_a, serial_bayou_pond_c, serial_bayou_lagoon_a
Lair:3:   layout_regular_city, palyth_hydra_swamp_entry,
          portal_ice_cave_entry_ice_beasts
Lair:4:   beast_lair_carwin_large_3, layout_gridlike,
          minmay_snake_entry_six_corridors, basic_altar, gauntlet_entry_generic,
          chequers_serial_rivers_room_b, grunt_forest_large_clearing_hut,
          uniq_kirke
Lair:5:   layout_concentric_octagons, minmay_slime_entry_pillars
Lair:6:   wormcave, layout_gridlike, hangedman_lair_caniforms_friends,
          basic_altar, infiniplex_staircase_pool, lemuel_fruit_fields,
          serial_bayou_shore_a
Orc:1:    layout_diamond_mine, gammafunk_ghost_necromancy, roderic_batcave,
          nicolae_orc_rockfall
Orc:2:    grunt_orc_tribal_feast, layout_caves, uniq_erolcha, uniq_nessos

Skill      XL: |  1  2  3  4  5  6  7  8  9 10 11 12 13 14 15 |
---------------+----------------------------------------------+-----
Stealth        | 2 |  2.0
Dodging        | 2 4 5 6 7 8 9 |  9.0
Fighting       | 1 4 5 6 7 8 9 10 11 | 11.6
Spellcasting   | 4 5 6 7 8 9 10 | 10.0
Conjurations   | 4 5 6 7 9 10 11 13 | 13.2
Fire Magic     | 7 8 9 10 11 12 13 | 13.0
Hexes          | 1 2 3 |  3.0
Charms         | 1 3 |  3.0
Polearms       | 1 5 8 |  8.9
Evocations     | 1 5 |  5.0
Shields        | 1 4 |  4.0

Action                   |  1- 3 |  4- 6 |  7- 9 | 10-12 | 13-15 || total
-------------------------+-------+-------+-------+-------+-------++-------
Melee: Short sword       |    31 |    19 |       |       |       ||    50
       Unarmed           |     1 |       |       |       |       ||     1
       Tailslap          |     3 |     1 |    14 |    33 |    38 ||    89
       Trident           |       |       |   142 |   124 |       ||   266
       Great sword       |       |       |       |    71 |       ||    71
       Demon trident     |       |       |       |    30 |   344 ||   374
Throw: Dart              |       |     1 |       |       |       ||     1
 Cast: Flame Tongue      |    38 |   156 |   165 |   171 |    56 ||   586
       Conjure Flame     |       |     2 |     4 |     5 |       ||    11
       Sticky Flame      |       |       |    44 |   142 |   140 ||   326
       Fireball          |       |       |     5 |    40 |   102 ||   147
       Throw Frost       |       |       |     5 |    11 |       ||    16
       Inner Flame       |       |       |     1 |       |       ||     1
       Force Lance       |       |       |       |     1 |       ||     1
       Orb of Destructio |       |       |       |     1 |     1 ||     2
       Fulminant Prism   |       |       |       |       |    62 ||    62
 Abil: Breathe Dispellin |       |       |     3 |     4 |    11 ||    18
Evoke: Wand              |       |       |       |    17 |     2 ||    19
       Box of beasts     |       |       |       |     1 |       ||     1
  Use: Scroll            |     4 |     1 |     4 |    17 |    16 ||    42
       Potion            |     1 |       |       |     2 |     9 ||    12
 Stab: Sleeping          |       |       |     2 |     1 |     5 ||     8
       Distracted        |       |       |     1 |       |     1 ||     2
  Eat: Ration            |     1 |       |     2 |     6 |     7 ||    16
       Chunk             |       |     7 |    20 |    40 |    37 ||   104
Armor: Skin              |    12 |    14 |    89 |    87 |   133 ||   335
Dodge: Dodged            |    29 |    38 |   160 |   371 |   364 ||   962
Block: Buckler           |       |       |       |       |    10 ||    10
       Rpst.: Great sword |       |       |       |    44 |       ||    44
